 Dungeon Crawl Stone Soup version 0.32-a0-705-g60f233581c (webtiles) character file.

Game seed: 5449611945197658425

86 Malificent the Ruffian (level 4, -3/35 HPs)
             Began as a Draconian Shapeshifter on Mar 13, 2024.
             Splashed by a jelly's acid (11 damage)
             ... on level 3 of the Dungeon on Mar 14, 2024.
             The game lasted 00:08:53 (2364 turns).

Malificent the Ruffian (Draconian Shapeshifter)     Turns: 2364, Time: 00:08:53

Health: -3/35      AC:  1    Str: 19    XL:     4   Next: 26%
Magic:  4/4        EV: 11    Int: 10    God:
Gold:   113        SH:  0    Dex: 10    Spells: 3/3 levels left

rFire   . .          .
                       - Unarmed
rCold   . . .        (no shield)
rNeg    . . .        (body armour unavailable)
rPois   .            (helmet currently unavailable)
rElec   .            f - melded scarf {repulsion}
rCorr   .            (gloves currently unavailable)
SInv    .            m - melded +2 pair of boots
Will    .....        (no amulet)
Stlth   +            (no ring)
HPRegen 0.25/turn    (no ring)
MPRegen 0.09/turn

%: no passive effects
@: beast-form, corroded
A: beast (slay +2), AC +5, unfitting armour, cold-blooded
a: Begin Untransformation


You were on level 3 of the Dungeon.
You were a hulking beast.
You visited 1 branch of the dungeon, and saw 3 of its levels.

You collected 113 gold pieces.

Inventory:

Hand Weapons
 i - a +1 dagger of electrocution
Armour
 f - a scarf of repulsion (melded)
 m - a +2 pair of boots (melded)
Talismans
 b - a beast talisman (active)
 c - a flux talisman
Scrolls
 d - a scroll of identify
 e - a scroll of teleportation
 k - a scroll of blinking
Potions
 a - 2 potions of lignification
 g - 3 potions of curing {unknown}
 h - a potion of magic
 j - 3 potions of might
 l - a potion of enlightenment


   Skills:
 + Level 1.1 Fighting
 + Level 2.0 Dodging
 + Level 0.7 Stealth
 + Level 4.0 Unarmed Combat
 * Level 3.8 Shapeshifting


You had 3 spell levels left.
You didn't know any spells.
Your spell library was empty.

Dungeon Overview and Level Annotations

Branches:
Dungeon (3/15)

Altars:
Fedhas

Shops:
D:3 [


Innate Abilities, Weirdness & Mutations

You are a hulking beast.
Your limbs bulge with bestial killing power. (Slay +2)
Your plain brown scales are hard. (AC +5)
You cannot fit into any form of body armour.
You are cold-blooded and may be slowed by cold attacks.


Message History

You kill the frilled lizard!
You now have 113 gold pieces (gained 15).
You open the door.
There is an open door here.
A jelly comes into view.
The jelly quivers.
As you read the scroll labelled ASHRAI CINATT, it crumbles to dust.
You hear the flapping of tiny wings.
It was a scroll of butterflies.
The jelly hits your butterfly.
Your butterfly dies!
Your butterfly disappears in a burst of colours!
You swap places.
You swap places.
You swap places.
There is an open door here.
There's a creature in the doorway!
You begin transforming.
You continue transforming. x3
Your transformation has ended.
You turn into a hulking beast.
Your scarf of repulsion melds into your body.
Your +2 pair of boots melds into your body.
The haze of the repulsion field disappears.
There is an open door here.
You swap places.
Your butterfly disappears in a burst of colours!
The jelly quivers.
You hit the jelly. The acid corrodes you!
Your hands burn!
The jelly is lightly wounded.
The jelly closely misses you.
You hit the jelly but do no damage.
Your hands burn!
The jelly is lightly wounded.
The jelly closely misses you.
You hit the jelly.
Your hands burn!
The jelly is moderately wounded.
The jelly hits you.
You are splashed with acid!
* * * LOW HITPOINT WARNING * * *
The jelly attacks as it pursues you! The jelly hits you.
* * * LOW HITPOINT WARNING * * *
You are splashed with acid!
You die...

#.........##.##....###.
#.###.##..##.##.#.####.
#.# #.....##...........
#.# ###...#####.#.####.
#.#####..)#####.#+## #.
#..................###.
#######.#######.....##.
#.J....###.......##
#.h..#.##.........#
#.......'.........+
#....#.##.....b...#
#.#.##.###.......##
#.####.# ##.....##
#.####.# ##...##
#......# ##b## #.######
#.# #.# #.#


You could see a jelly.

Vanquished Creatures
  3 adders (D:2)
  3 dart slugs
  An orc (D:3)
  6 endoplasms
  4 giant cockroaches
  5 goblins
  3 hobgoblins
  10 kobolds
  5 ball pythons
  4 bats
  3 frilled lizards
  2 rats
49 creatures vanquished.

Notes
Turn   | Place    | Note
-------+----------+-------------------------------------------
     0 | D:1      | Malificent the Draconian Shapeshifter began the quest for
                  | the Orb.
     0 | D:1      | Reached XP level 1. HP: 16/16 MP: 1/1
   104 | D:1      | Reached XP level 2. HP: 21/23 MP: 2/2
   926 | D:2      | Reached XP level 3. HP: 27/28 MP: 3/3
   974 | D:2      | Found a faded altar of an unknown god.
   988 | D:2      | Found Qaaxkesk's Assorted Antiques.
  1319 | D:2      | Reached XP level 4. HP: 31/35 MP: 4/4
  1442 | D:2      | Upgraded the game from 0.32-a0-699-g1ee5eff69a to
                  | 0.32-a0-705-g60f233581c
  1589 | D:3      | Found a blossoming altar of Fedhas.
  1659 | D:3      | Found Sirr's Antique Armour Shop.
  1968 | D:3      | Reached skill level 4 in Unarmed Combat
  2364 | D:3      | Splashed by a jelly's acid

Illustrated notes

Levels and vault maps discovered:
D:1:      eino_arrival_druids_welcome, layout_loops_ring
D:2:      layout_basic, serial_shops, shop, hellmonk_ecumenical_altar_run_dry,
          minmay_tetromino_o2
D:3:      layout_loops_corners, fedhas_altar_2, serial_shops, shop,
          wad_floor_pattern_1

Skill      XL: |  1  2  3  4 |
---------------+-------------+-----
Dodging        | 2 |  2.0
Unarmed Combat | 4 |  4.0
Fighting       | |  1.1
Stealth        | |  0.7
Shapeshifting  | |  3.8

Action                     |  1- 3 |  4- 6 || total
---------------------------+-------+-------++-------
  Melee: Unarmed           |    82 |    36 ||   118
         Tailslap          |    11 |     2 ||    13
    Use: Scroll            |     3 |     5 ||     8
         Potion            |     3 |       ||     3
   Stab: Sleeping          |     2 |       ||     2
 Armour: Skin              |    61 |    15 ||    76
  Dodge: Dodged            |    38 |    15 ||    53
   Form: Beast             |       |     1 ||     1
         Flux              |       |     1 ||     1

Table legend: (Time is in decaauts)
 A = Elapsed time spent in this place.
 B = Non-inter-level travel time spent in this place.
 C = Inter-level travel time spent in this place.
 D = Time resting spent in this place.
 E = Time spent auto-exploring this place.
 F = Levels seen in this place.
 G = Mean time per level.
                   A        B        C        D        E       F      G
               +--------+--------+--------+--------+--------+-----+--------+
         Total |   2360 |   2293 |     67 |    123 |   1548 |   3 |  786.7 |
       Dungeon |   2360 |   2293 |     67 |    123 |   1548 |   3 |  786.7 |
               +--------+--------+--------+--------+--------+-----+--------+

Top non-repeatable levels by time:
     D:3: 914 daAuts
     D:1: 730 daAuts
     D:2: 715 daAuts
